 Dungeon Crawl Stone Soup version 0.18.1-8-gdd0e5ea (webtiles) character file.

6206 nikopol the Spear-Bearer (level 10, -10/138 (139) HPs)
             Began as a Minotaur Berserker on June 6, 2016.
             Was a High Priest of Trog.
             Mangled by a skeletal warrior
             ... wielding a +0 glaive
             ... led by a skeletal warrior
              (13 damage)
             ... on level 8 of the Dungeon.
             The game lasted 00:25:49 (7734 turns).

nikopol the Spear-Bearer (Minotaur Berserker)       Turns: 7734, Time: 00:25:49

HP:   -10/138 (139) AC: 19    Str: 27    XL:     10   Next: 61%
MP:   9/9           EV: 15    Int:  4    God:    Trog [*****.]
Gold: 300           SH:  0    Dex: 13    Spells: 0 memorised, 9 levels left

rFire  . . .     SeeInvis .     x - +0 trident
rCold  + . .     Gourm    .     w - +2 ring mail {rC+}
rNeg   . . .     Faith    .     (no shield)
rPois  .         Spirit   .     (helmet restricted)
rElec  .         Dismiss  .     J - +0 cloak
rCorr  .         Reflect  .     (no gloves)
SustAt .         Harm     .     y - +2 pair of boots
MR     .....                    (no amulet)
Stlth  ..........               B - +6 ring of protection
                                r - ring of loudness (curse)

@: berserking (expiring), drained, very quick, not resistant to hostile
enchantments, extremely unstealthy
A: retaliatory headbutt, horns 2
a: Berserk, Trog's Hand, Brothers in Arms, Burn Spellbooks, Renounce Religion


You were on level 8 of the Dungeon.
You worshipped Trog.
Trog was extremely pleased with you.
You were not hungry.

You visited 1 branch of the dungeon, and saw 9 of its levels.

You collected 300 gold pieces.

Inventory:

Hand Weapons
 c - a +0 shortbow
 x - a +0 trident (weapon)
 R - a +0 spear
Missiles
 i - 184 arrows (quivered)
Armour
 b - a +0 animal skin
 h - a +0 ring mail
 w - a +2 ring mail of cold resistance (worn)
 y - a +2 pair of boots (worn)
 J - a +0 cloak (worn)
 L - a +3 leather armour
Jewellery
 r - a cursed ring of loudness (left hand)
 u - an uncursed ring of sustain attributes
 B - a +6 ring of protection (right hand)
 N - a cursed ring of loudness
Wands
 q - a wand of lightning (9/15)
 C - a wand of digging (11/24)
 I - a wand of iceblast (9/15)
 P - a wand of hasting (4/9)
 T - a wand of heal wounds (5/9)
 U - a wand of enslavement (4/24)
Scrolls
 a - a scroll of amnesia {unknown}
 d - 6 scrolls of remove curse {unknown}
 g - 2 scrolls of enchant armour {unknown}
 l - 4 scrolls of magic mapping {unknown}
 m - a scroll of random uselessness {unknown}
 n - 2 scrolls of teleportation {unknown}
 o - 5 scrolls of identify {unknown}
 v - a scroll of enchant weapon {unknown}
 G - a scroll of recharging {unknown}
 H - a scroll of brand weapon {unknown}
 K - a scroll of vulnerability {unknown}
Potions
 e - 2 potions of brilliance {unknown}
 f - 2 potions of cancellation {unknown}
 j - 4 potions of curing
 k - 4 potions of agility
 p - a potion of haste {unknown}
 s - 2 potions of heal wounds {unknown}
 t - a potion of cure mutation {unknown}
 A - a potion of degeneration {unknown}
 D - 3 potions of flight {unknown}
 E - a potion of magic {unknown}
 O - a potion of might {unknown}
 Q - 2 potions of beneficial mutation {unknown}
Comestibles
 z - a meat ration
 F - 3 bread rations
 M - a royal jelly


   Skills:
 + Level 9.8(8.9) Fighting
 + Level 9.9(9.0) Polearms
 + Level 5.5(4.7) Bows
 + Level 9.5(8.6) Armour
 + Level 8.6(7.7) Dodging


You had 9 spell levels left.
You didn't know any spells.

Dungeon Overview and Level Annotations

Branches:
Dungeon (9/15)             Temple (0/1) D:6
   Lair: D:8-11         Orc: D:9-12

Altars:
Kikubaaqudgha
Makhleb
Qazlal
Sif Muna
Zin

Shops:
D:4 *   D:5 }


Innate Abilities, Weirdness & Mutations

You reflexively headbutt those who attack you in melee.
You have a pair of horns on your head.


Message History

You puncture the skeletal warrior!
You destroy the skeletal warrior!
The skeletal warrior hits you from afar with a glaive!
* * * LOW HITPOINT WARNING * * *
You see here a flail of draining.
You puncture the skeletal warrior!
You headbutt the skeletal warrior, but do no damage.
The skeletal warrior is lightly damaged.
The skeletal warrior barely misses you.
You puncture the skeletal warrior!
The skeletal warrior is moderately damaged.
You hit the skeletal warrior.
The skeletal warrior is moderately damaged.
The skeletal warrior closely misses you.
You hit the skeletal warrior.
The skeletal warrior is moderately damaged.
You hit the skeletal warrior.
The skeletal warrior is moderately damaged.
The skeletal warrior hits you with a glaive!
You die...

######..#
#.......#
#.####.##
#.## #..#
##.## #.>#
##z# #@#
#)# #)# #.#
#.# #(# #(#
#.zz..(..#
....###.###


You could see a skeletal warrior.

Vanquished Creatures
  3 skeletal warriors (D:8)
  Pikel (D:6)
  The ghost of Britaniac the Basher, a novice GrFi (D:5)
  Prince Ribbit (D:5)
  Sigmund (D:4)
  Eustachio (D:6)
  A hungry ghost (D:6)
  Edmund (D:6)
  Duvessa (D:5)
  3 ice beasts
  An orc warrior (D:9)
  A necrophage (D:6)
  3 ogres
  2 phantoms
  4 centaurs
  A big kobold (D:7)
  Blork the orc (D:6)
  A giant frog (D:3)
  A wyvern zombie (D:8)
  A scorpion (D:7)
  Dowan (D:5)
  3 wights (D:6)
  6 killer bees (D:7)
  The ghost of M4edhros the Shield-Bearer, a weakling FoFi (D:3)
  A howler monkey (D:8)
  4 crimson imps
  A jelly (D:5)
  3 hounds
  A giant frog skeleton (D:6)
  4 orc priests
  5 orc wizards
  Jessica (D:3)
  2 iguanas (D:6)
  5 worker ants
  A hound zombie (D:5)
  2 worker ant zombies (D:6)
  A howler monkey skeleton (D:6)
  7 adders
  A shadow imp (D:6)
  2 worms
  4 giant geckos
  22 orcs
  4 ball pythons
  10 bats
  A bat zombie (D:2)
  5 giant cockroaches
  11 goblins
  8 hobgoblins
  7 jackals
  2 quokkas
  8 giant newts
  12 kobolds
  7 rats
  2 rat zombies (D:2)
185 creatures vanquished.

Vanquished Creatures (others)
  A slave (D:6)
  An orc (D:6)
2 creatures vanquished.

Grand Total: 187 creatures vanquished

Notes
Turn   | Place    | Note
--------------------------------------------------------------
     0 | D:1      | nikopol the Minotaur Berserker began the quest for the Orb.
     0 | D:1      | Reached XP level 1. HP: 19/19 MP: 0/0
   206 | D:1      | Reached XP level 2. HP: 25/27 MP: 1/1
   482 | D:1      | Reached ** piety under Trog
   495 | D:1      | Reached XP level 3. HP: 24/33 MP: 2/2
  1558 | D:2      | Found a stormy altar of Qazlal.
  1649 | D:2      | Reached XP level 4. HP: 32/41 MP: 3/3
  1911 | D:2      | Found an ancient bone altar of Kikubaaqudgha.
  2128 | D:3      | Noticed Jessica
  2134 | D:3      | Killed Jessica
  2270 | D:3      | Reached XP level 5. HP: 44/47 MP: 4/4
  2272 | D:3      | Reached *** piety under Trog
  2492 | D:3      | Noticed M4edhros's ghost (weakling FoFi)
  2498 | D:3      | Killed M4edhros's ghost
  2498 | D:3      | Reached skill level 5 in Fighting
  2698 | D:3      | Reached skill level 5 in Polearms
  2903 | D:3      | Reached XP level 6. HP: 50/56 MP: 5/5
  3174 | D:3      | Reached **** piety under Trog
  3643 | D:4      | Found Lifukh's Assorted Antiques.
  3714 | D:4      | Noticed Sigmund
  3726 | D:4      | Killed Sigmund
  3726 | D:4      | Reached skill level 5 in Armour
  3726 | D:4      | Reached XP level 7. HP: 56/63 MP: 6/6
  4048 | D:4      | Reached skill level 5 in Dodging
  4430 | D:5      | Entered Level 5 of the Dungeon
  4563 | D:5      | Reached XP level 8. HP: 28/71 MP: 7/7
  4817 | D:5      | Noticed Britaniac's ghost (novice GrFi)
  4828 | D:5      | Killed Britaniac's ghost
  4944 | D:5      | Noticed Dowan
  4965 | D:5      | Killed Dowan
  4976 | D:5      | Noticed Duvessa
  4984 | D:5      | Killed Duvessa
  5014 | D:5      | Reached skill level 1 in Bows
  5170 | D:5      | Found Surokh's Gadget Emporium.
  5339 | D:6      | Reached XP level 9. HP: 71/81 MP: 8/8
  5371 | D:6      | Noticed Blork the orc
  5384 | D:6      | Killed Blork the orc
  5471 | D:6      | Noticed Eustachio
  5504 | D:6      | Killed Eustachio
  5611 | D:6      | Noticed Pikel
  5623 | D:6      | Killed Pikel
  5625 | D:6      | Found a staircase to the Ecumenical Temple.
  5735 | D:6      | Noticed Prince Ribbit
  5752 | D:5      | Killed Prince Ribbit
  6017 | D:6      | Noticed Edmund
  6024 | D:6      | Killed Edmund
  6502 | D:7      | Found a deep blue altar of Sif Muna.
  6577 | D:7      | Reached XP level 10. HP: 89/90 MP: 9/9
  6694 | D:7      | Reached ***** piety under Trog
  6757 | D:7      | Found a burning altar of Makhleb.
  6759 | D:7      | Found a glowing silver altar of Zin.
  6759 | D:7      | Noticed an angel
  6764 | D:7      | Noticed a cacodemon
  7224 | D:8      | Noticed a skeletal warrior
  7252 | D:8      | Killed a skeletal warrior
  7252 | D:8      | Reached skill level 5 in Bows
  7425 | D:8      | Noticed a skeletal warrior
  7425 | D:8      | Noticed a skeletal warrior
  7425 | D:8      | Noticed a skeletal warrior
  7447 | D:8      | Killed a skeletal warrior
  7728 | D:8      | Killed a skeletal warrior
  7728 | D:8      | HP: 2/138 [skeletal warrior/glaive[a skeletal warrior] (17)]
  7734 | D:8      | Mangled by a skeletal warrior

Skill      XL: |  1  2  3  4  5  6  7  8  9 10 |
---------------+-------------------------------+-----
Fighting       | 4 5 6 7 9 |  9.8
Polearms       | 4 5 6 7 9 |  9.9
Armour         | 3 4 5 6 7 8 9 |  9.5
Dodging        | 3 4 5 6 7 8 |  8.6
Bows           | 2 4 5 |  5.5

Action                   |  1- 3 |  4- 6 |  7- 9 | 10-12 || total
-------------------------+-------+-------+-------+-------++-------
Melee: Spear             |   112 |   193 |   318 |       ||   623
       Headbutt          |     8 |    21 |    64 |    23 ||   116
       Trident           |       |       |    19 |    97 ||   116
 Fire: Shortbow          |       |       |    93 |    79 ||   172
Invok: Berserk           |       |     1 |     7 |     3 ||    11
       Burn Spellbooks   |       |     1 |     2 |       ||     3
  Eat: Chunk             |     2 |     4 |     9 |     6 ||    21
       Bread ration      |       |     1 |     2 |       ||     3
       Beef jerky        |       |       |     1 |       ||     1
Armor: Animal skin       |     1 |       |       |       ||     1
       Ring mail         |    19 |    36 |    74 |    26 ||   155
Dodge: Dodged            |    44 |    90 |   133 |    60 ||   327
